 Dungeon Crawl Stone Soup version 0.30.1 (webtiles) character file.

Game seed: 9713603855906869564

1065 Fodor the Covered (level 8, -2/68 HPs)
             Began as a Minotaur Fighter on July 4, 2023.
             Was an Initiate of Gozag.
             Slain by an orc wizard
             ... wielding a +0 dagger
              (4 damage)
             ... on level 6 of the Dungeon.
             The game lasted 00:22:50 (5807 turns).

Fodor the Covered (Minotaur Fighter)                Turns: 5807, Time: 00:22:51

Health: -2/68      AC:  7    Str: 22    XL:     8   Next: 6%
Magic:  7/7        EV: 10    Int:  5    God:    Gozag
Gold:   324        SH:  5    Dex: 11    Spells: 7/7 levels left

rFire   . . .        l - +1 falchion (heavy)
rCold   . . .        c - +0 buckler
rNeg    . . .        b - +0 scale mail
rPois   .            (helmet restricted)
rElec   .            D - scarf {+Inv}
rCorr   .            (no gloves)
SInv    .            (no boots)
Will    .....        (no amulet) Stlth
                     (no ring)
HPRegen 0.31/turn    (no ring)
MPRegen 0.10/turn

%: no passive effects
@: no status effects
A: horns 2, retaliatory headbutt
a: Renounce Religion, Evoke Invisibility, Potion Petition, Call Merchant, Bribe
Branch


You were on level 6 of the Dungeon.
You worshipped Gozag.
Gozag was aware of your devotion.
You visited 2 branches of the dungeon, and saw 7 of its levels.

You collected 475 gold pieces.
You spent 90 gold pieces at shops.
You paid 61 gold pieces to Gozag.

Inventory:

Hand Weapons
 a - a +0 long sword
 l - a +1 heavy falchion (weapon)
 x - a +2 flail of holy wrath
Missiles
 i - 9 poisoned darts (quivered)
Armour
 b - a +0 scale mail (worn)
 c - a +0 buckler (worn)
 k - a +0 cloak
 D - a scarf of invisibility (worn)
Jewellery
 q - a ring of protection from cold
 y - an amulet of faith
Wands
 p - a wand of acid (5)
 v - a wand of mindburst (10)
 F - a wand of flame (14)
Scrolls
 e - a scroll of silence {unknown}
 f - 5 scrolls of identify {unknown}
 g - a scroll of poison {unknown}
 h - a scroll of fog {unknown}
 n - a scroll of noise {unknown}
 s - a scroll of immolation {unknown}
 t - 2 scrolls of teleportation {unknown}
 u - a scroll of butterflies {unknown}
 w - 2 scrolls of magic mapping {unknown}
 A - a scroll of enchant armour {unknown}
 E - a scroll of vulnerability {unknown}
Potions
 d - 2 potions of might
 j - 4 potions of curing
 m - a potion of magic {unknown}
 o - 2 potions of invisibility
 r - 3 potions of heal wounds {unknown}
 z - 3 potions of flight {unknown}
 B - a potion of lignification {unknown}
 C - a potion of mutation {unknown}


   Skills:
 + Level 5.0 Fighting
 + Level 6.3 Long Blades
 + Level 0.6 Maces & Flails
 + Level 7.2 Armour
 + Level 2.8 Dodging
 + Level 1.3 Stealth
 + Level 6.0 Shields


You had 7 spell levels left.
You didn't know any spells.
Your spell library contained the following spells:

 Spells                   Type           Power      Damage    Failure   Level
 Summon Small Mammal      Summ           0%         N/A       83%         1
 Scorch                   Fire           0%         2d5       92%         2
 Call Canine Familiar     Summ           0%         N/A       99%         3
 Summon Guardian Golem    Hex/Summ       0%         N/A       99%         3
 Flame Wave               Conj/Fire      0%         2d4       100%        4
 Alistair's Intoxication  Tmut/Pois      0%         N/A       100%        5
 Borgnjor's Vile Clutch   Necr/Erth      0%         N/A       100%        5
 Eringya's Noxious Bog    Tmut/Pois      0%         N/A       100%        6
 Summon Cactus Giant      Summ           0%         N/A       100%        6


Dungeon Overview and Level Annotations

Branches:
Dungeon (6/15)             Temple (1/1) D:4

Altars:
Cheibriados
Elyvilon
Fedhas
Gozag
Hepliaklqana
Nemelex Xobeh
Okawaru
Qazlal
Uskayaw
Xom
Zin
The Shining One

Annotations:
D:4 Pikel


Innate Abilities, Weirdness & Mutations

You have a pair of horns on your head.
You reflexively headbutt those who attack you in melee.


Message History

You hit the orc warrior but do no damage.
The orc warrior is no longer distracted by gold.
Your headbutt misses the orc warrior.
The orc warrior is lightly wounded.
The orc warrior misses you.
You hear some strange, mumbled words.
A puff of flame appears from out of thin air!
The puff of flame hits you.
You hit something. Your headbutt misses something.
An orc comes into view. It is wielding a +2 heavy hand axe.
You hear some strange, mumbled words.
A magic dart appears from out of thin air!
The magic dart hits you. The orc warrior barely misses you.
You furiously retaliate!
You headbutt the orc warrior. You block something's attack.
You miss something.
The orc warrior hits you with a +1 heavy long sword!
You hear some strange, mumbled words.
You are confused.
You bump into the rock wall.
The orc warrior hits you with a +1 heavy long sword!
Something hits you.
You bump into the rock wall.
Something hits you. The orc warrior barely misses you.
You bump into the rock wall.
Something hits you.
You bump into the rock wall.
The orc warrior hits you with a +1 heavy long sword!
* * * LOW HITPOINT WARNING * * *
Something hits you.
* * * LOW HITPOINT WARNING * * *
Unknown command.
You bump into the rock wall.
You feel less confused. Something hits you.
* * * LOW HITPOINT WARNING * * *
The orc warrior barely misses you. You furiously retaliate!
You headbutt the orc warrior. You hit something but do no damage.
Something hits you.
You die...
Your body crumbles into a pile of gold.

##...............#
#..........###....
#......##.#.......
#......##.#.#.....
#..........##+##..
#......##.## #..
#..........+ +..
#.#.###....# ###
.##.###@#.###....##+####
....oo{o.)..........>.##
....###.#.###.........##
## #.#.# .<......... ...
# #.#.#....# #.#
#.#.##.#.. ...
#.......## ...
#####.##..# ...
..........#


You could see an orc warrior and 2 orcs.

Vanquished Creatures
  Sigmund (D:2)
  A black bear (D:3)
  3 lemures
  Blork the orc (D:4)
  A bullfrog (D:6)
  5 hounds
  2 jellies (D:4)
  Crazy Yiuf (D:2)
  3 orc priests
  An iguana (D:5)
  Ijyb (D:3)
  3 orc wizards
  Robin (D:2)
  7 adders
  An ufetubus (D:4)
  3 worms (D:2)
  7 dart slugs
  18 orcs
  5 endoplasms
  A giant cockroach (D:1)
  14 goblins
  12 hobgoblins
  6 jackals
  7 kobolds
  6 quokkas
  5 ball pythons
  3 bats (D:2)
  3 frilled lizards (D:2)
  8 rats
130 creatures vanquished.

Notes
Turn   | Place    | Note
-------+----------+-------------------------------------------
     0 | D:1      | Fodor the Minotaur Fighter began the quest for the Orb.
     0 | D:1      | Reached XP level 1. HP: 19/19 MP: 0/0
    73 | D:1      | Reached skill level 4 in Armour
    73 | D:1      | Reached XP level 2. HP: 27/27 MP: 1/1
   523 | D:2      | Reached XP level 3. HP: 26/32 MP: 2/2
   729 | D:2      | Noticed Sigmund
   736 | D:2      | Killed Sigmund
   737 | D:2      | Reached skill level 5 in Armour
   737 | D:2      | Reached skill level 1 in Dodging
   737 | D:2      | Reached XP level 4. HP: 40/40 MP: 3/3
   737 | D:2      | Reached XP level 5. HP: 46/46 MP: 4/4
   841 | D:2      | Found a glowing golden altar of the Shining One.
   896 | D:2      | Found a runed translucent door.
   897 | D:2      | Noticed Crazy Yiuf
   908 | D:2      | Killed Crazy Yiuf
  1284 | D:2      | Noticed Robin
  1289 | D:2      | Killed Robin
  1290 | D:2      | Reached skill level 5 in Long Blades
  1290 | D:2      | Reached XP level 6. HP: 53/53 MP: 5/5
  1662 | D:3      | Noticed Ijyb
  1680 | D:3      | Killed Ijyb
  3283 | D:4      | Found a white marble altar of Elyvilon.
  3379 | D:4      | Found an iron altar of Okawaru.
  3416 | D:4      | Noticed Blork the orc
  3425 | D:4      | Killed Blork the orc
  3426 | D:4      | Reached XP level 7. HP: 55/60 MP: 6/6
  3581 | D:4      | Noticed Pikel
  3645 | D:3      | Reached skill level 6 in Armour
  4022 | D:4      | Found a staircase to the Ecumenical Temple.
  4042 | Temple   | Entered the Ecumenical Temple
  4182 | Temple   | Became a worshipper of Gozag Ym Sagoz the Greedy
  4438 | D:4      | Reached skill level 1 in Stealth
  4595 | D:4      | Reached skill level 5 in Shields
  4725 | D:5      | Entered Level 5 of the Dungeon
  4841 | D:5      | Reached skill level 5 in Fighting
  5635 | D:6      | Found Zin's Purification Station.
  5644 | D:6      | Found a glowing silver altar of Zin.
  5649 | D:6      | Bought a potion of curing for 90 gold pieces
  5674 | D:6      | Reached skill level 7 in Armour
  5674 | D:6      | Reached XP level 8. HP: 59/68 MP: 7/7
  5806 | D:6      | HP: 1/68 [something (3)]
  5807 | D:6      | Slain by an orc wizard

Illustrated notes

Levels and vault maps discovered:
D:1:      wander_arrival_chamber, layout_rooms
D:2:      layout_loops_ring, basic_altar, uniq_robin, uniq_sigmund,
          uniq_crazy_yiuf_cottage
D:3:      layout_loops_ring, kennysheep_nondescript, uniq_ijyb
D:4:      kennysheep_six_static_rooms, layout_basic, elyvilon_altar_5,
          okawaru_gym_becter, minmay_temple_entry_slanted,
          minmay_misc_feat_more_columns, uniq_blork_the_orc, uniq_pikel
D:5:      layout_basic
D:6:      layout_basic, zin_purify, minmay_liquid_box
Temple:   kb_temple_of_zot

Skill      XL: |  1  2  3  4  5  6  7  8 |
---------------+-------------------------+-----
Shields        | 4 5 6 |  6.0
Armour         | 4 5 7 |  7.2
Long Blades    | 4 5 6 |  6.3
Fighting       | 4 5 |  5.0
Dodging        | 1 2 |  2.8
Stealth        | 1 |  1.3
Maces & Flails | |  0.6

Action                     |  1- 3 |  4- 6 |  7- 9 || total
---------------------------+-------+-------+-------++-------
  Melee: Long sword        |    83 |   122 |    10 ||   215
         Headbutt          |     7 |    27 |    20 ||    54
         Falchion          |       |       |   106 ||   106
         Flail             |       |       |    20 ||    20
    Use: Potion            |       |       |     3 ||     3
 Armour: Scale mail        |    41 |    48 |    70 ||   159
  Dodge: Dodged            |    40 |    65 |    80 ||   185
  Block: Buckler           |    19 |    32 |    48 ||    99
